 Dungeon Crawl Stone Soup version 0.18.1-8-gdd0e5ea (webtiles) character file.

22 MrGreamy the Grasshopper (level 2, -2/25 HPs)
             Began as a Ghoul Warper on May 25, 2016.
             Shot with a stone by a goblin (4 damage)
             ... on level 2 of the Dungeon.
             The game lasted 00:05:04 (1281 turns).

MrGreamy the Grasshopper (Ghoul Warper)             Turns: 1281, Time: 00:05:05

Health: -2/25      AC:  3    Str: 14    XL:     2   Next: 91%
Magic:  1/1        EV: 11    Int:  8    God:
Gold:   68         SH:  6    Dex:  8    Spells: 1 memorised, 3 levels left

rFire  . . .     SeeInvis .     h - +0 mace (antimagic)
rCold  + . .     Gourm    .     a - +0 leather armour
rNeg   + + +     Faith    .     (no shield)
rPois  ∞         Spirit   .     (no helmet)
rElec  .         Dismiss  .     (no cloak)
rCorr  .         Reflect  +     (no gloves)
SustAt .         Harm     .     (no boots)
MR     .....                    k - +6 amulet of reflection
Stlth  +.........               (no ring)
                                (no ring)

@: rotting, not resistant to hostile enchantments, very unstealthy
A: rotting body, claws 1, carnivore 3, cold resistance 1, negative energy
resistance 3, slow regeneration 1, torment resistance, unbreathing
a: no special abilities


You were on level 2 of the Dungeon.
You were not hungry.

You visited 1 branch of the dungeon, and saw 2 of its levels.

You collected 68 gold pieces.

Inventory:

Hand Weapons
 g - a +0 dagger
 h - a +0 antimagic mace (weapon)
Missiles
 d - 5 tomahawks of dispersal (quivered)
Armour
 a - a +0 leather armour (worn)
 j - a +0 leather armour
Jewellery
 k - a +6 amulet of reflection (around neck)
Scrolls
 c - a scroll of blinking
 e - a scroll of immolation {unknown}
 f - 4 scrolls of identify {unknown}
 i - a scroll of remove curse {unknown}
 n - a scroll of enchant armour {unknown}
Potions
 l - a potion of curing {unknown}
Books
 b - a book of Spatial Translocations

   Spells                             Type                      Level
   a - Apportation                    Translocation                1
   b - Blink                          Translocation                2
   c - Shroud of Golubria             Charms/Translocation         2
   d - Portal Projectile              Translocation                3
   e - Teleport Other                 Translocation                3
   f - Passage of Golubria            Translocation                4
Comestibles
 m - 2 chunks of flesh


   Skills:
 + Level 2.4 Fighting
 + Level 0.8 Throwing
 + Level 1.2 Armour
 + Level 2.1 Dodging
 + Level 0.2 Stealth
 + Level 2.3 Unarmed Combat
 + Level 1.9 Spellcasting
 + Level 2.9 Translocations


You had 3 spell levels left.
You knew the following spells:

 Your Spells              Type           Power        Failure   Level  Hunger
a - Apportation           Tloc           #.........   17%         1    ##.....


Dungeon Overview and Level Annotations

Branches:
Dungeon (2/15)

Altars:


Innate Abilities, Weirdness & Mutations

Your body is rotting away.
You thrive on raw meat.
You are immune to poison.
You have sharp fingernails.
You are carnivorous and can eat meat at any time.
Your flesh is cold resistant.
You are immune to negative energy.
You regenerate slowly when monsters are visible.
You are immune to unholy pain and torment.
You can survive without breathing.


Message History

The goblin shoots a stone.
The stone barely misses you. The bat closely misses you. The bat misses you.
The goblin shoots a stone.
The stone closely misses you.
You hit the bat.
You kill the bat!
The goblin shoots a stone.
The stone hits you.
* * * LOW HITPOINT WARNING * * *
Things that are here:
a stone; a bat corpse The goblin shoots a stone.
You reflect the stone off an invisible shield around you!
The stone hits the goblin.
The goblin shoots a stone.
You reflect the stone off an invisible shield around you!
The stone barely misses the goblin.
The stone hits the worm.
You see here 2 stones.
The goblin shoots a stone.
The stone closely misses you.
You see here a stone.
The goblin shoots a stone.
The stone hits you.
You die...

#...<.#w# .#
##..###(##.#
#..#...g..# #
##..#.#.#..##.#
..............#
###.#.#(#..####
#.#......# #
###((.<#
#.#####@.#
.........#
#.#####.## #.#
#.# # #.#
###.#####.#
........(.#
..........#


You could see a goblin.

Vanquished Creatures
  A dart slug (D:1)
  A giant gecko (D:1)
  A bat (D:2)
  A giant cockroach (D:2)
  2 goblins
  A hobgoblin (D:2)
  4 jackals (D:1)
  A ball python (D:2)
  A giant newt (D:1)
  2 kobolds (D:1)
  2 rats (D:2)
17 creatures vanquished.

Notes
Turn   | Place    | Note
--------------------------------------------------------------
     0 | D:1      | MrGreamy the Ghoul Warper began the quest for the Orb.
     0 | D:1      | Reached XP level 1. HP: 17/17 MP: 2/2
    80 | D:1      | Reached skill level 1 in Armour
   507 | D:1      | Reached XP level 2. HP: 9/24 MP: 3/3
  1281 | D:2      | Shot with a stone by a goblin

Skill      XL: |  1 |
---------------+----+-----
Armour         | 1 |  1.2
Dodging        | 2 |  2.1
Fighting       | |  2.4
Throwing       | |  0.8
Stealth        | |  0.2
Unarmed Combat | |  2.3
Spellcasting   | |  1.9
Translocations | |  2.9

Action                   || total
-------------------------++-------
Melee: Unarmed           ||    34
       Mace              ||    20
  Use: Potion            ||     1
  Eat: Meat ration       ||     1
       Chunk             ||     6
Armor: Leather armour    ||    15
Dodge: Dodged            ||    56
Block: Other             ||    12
       Reflection        ||     2
